 Dungeon Crawl Stone Soup version 0.26.0-10-g1f06aea511 (webtiles) character file.

Game seed: 3939176171665143551

70 wakim the Chopper (level 4, -3/40 HPs)
             Began as a Hill Orc Monk on Jan 15, 2021.
             Slain by an orc wizard
             ... wielding a +1 dagger of venom
              (4 damage)
             ... on level 2 of the Dungeon.
             The game lasted 00:05:30 (2988 turns).

wakim the Chopper (Hill Orc Monk)                   Turns: 2988, Time: 00:05:31

Health: -3/40      AC:  5    Str: 14    XL:     4   Next: 21%
Magic:  4/4        EV: 11    Int: 10    God:
Gold:   121        SH:  0    Dex: 13    Spells: 3/3 levels left

rFire    . . .     SeeInvis .   a - +0 hand axe
rCold    . . .     Faith    .   (no shield)
rNeg     . . .     Spirit   .   o - +0 ring mail
rPois    .         Reflect  .   (no helmet)
rElec    .         Harm     .   (no cloak)
rCorr    .         Rampage  .   (no gloves)
Will     .....                  (no boots)
Stlth    +.........             (no amulet)
HPRegen  0.13/turn              (no ring)
MPRegen  0.09/turn              (no ring)

@: lethally poisoned (-3 -> -18)
A: no striking features
a: no special abilities


You were on level 2 of the Dungeon.
You visited 1 branch of the dungeon, and saw 3 of its levels.

You collected 121 gold pieces.

Inventory:

Hand Weapons
 a - a +0 hand axe (weapon)
Armour
 o - a +0 ring mail (worn)
Scrolls
 b - a scroll of teleportation {unknown}
 e - a scroll of enchant weapon {unknown}
 f - 2 scrolls of random uselessness {unknown}
 h - 3 scrolls of blinking {unknown}
 i - a scroll of immolation {unknown}
 j - 5 scrolls of identify {unknown}
 k - 2 scrolls of remove curse {unknown}
 l - a scroll of fog {unknown}
 m - a scroll of magic mapping {unknown}
 n - 2 scrolls of enchant armour {unknown}


   Skills:
 + Level 4.3 Fighting
 * Level 5.5 Axes
 + Level 1.7 Armour
 - Level 2.4 Dodging
 - Level 1.5 Stealth


You had 3 spell levels left.
You didn't know any spells.
Your spell library was empty.

Dungeon Overview and Level Annotations

Branches:
Dungeon (3/15)

Altars:


Message History

The orc wizard points at you and mumbles some strange words.
You feel yourself slow down.
You climb upwards.
* * * LOW HITPOINT WARNING * * *
You feel very sick.
There is a stone staircase leading down here.
You fade into invisibility!
* * * LOW HITPOINT WARNING * * *
You feel very sick.
The orc wizard hits you but does no damage.
You are very lightly contaminated with residual magic.
It was a potion of cancellation.
Your magical effects are unravelling.
You feel magically purged.
Your magical contamination has completely faded away.
You feel yourself speed up.
You flicker back into view.
* * * LOW HITPOINT WARNING * * *
You feel sick.
The orc wizard hits you with a +1 dagger of venom.
You die...

#.# #.#...# #. #.######.#.#.# ##
#..........#.#####
##.######.#........
#..........<#.#####
#.........#.#....#.
#.........#.####.#.
##############.o.......#.#....#.
#..............@................
#.###############....#.#.#.####.
#.##...# #....#.#.#.####.
#.##...# #....+.#.#....#.
#.##...#### #....###.####(#.
#......'..# #.............#.
####...##.# ####.....###..#.
#...##.##########.....######.
#...##...)......#.........##.


You could see an orc wizard.

Vanquished Creatures
  2 adders (D:2)
  4 dart slugs
  A leopard gecko (D:2)
  3 orcs (D:2)
  6 goblins
  5 hobgoblins
  4 jackals
  A quokka (D:2)
  A ball python (D:2)
  2 bats (D:1)
  2 frilled lizards
  6 kobolds
  3 rats
40 creatures vanquished.

Notes
Turn   | Place    | Note
-------+----------+-------------------------------------------
     0 | D:1      | wakim the Hill Orc Monk began the quest for the Orb.
     0 | D:1      | Reached XP level 1. HP: 19/19 MP: 1/1
   286 | D:1      | Reached XP level 2. HP: 17/27 MP: 2/2
   489 | D:1      | Reached skill level 1 in Armour
  1004 | D:2      | Reached XP level 3. HP: 30/33 MP: 3/3
  1200 | D:2      | Reached skill level 5 in Axes
  1906 | D:2      | Reached XP level 4. HP: 39/40 MP: 4/4
  2988 | D:2      | HP: 1/40 [poisoned by an orc wizard]
  2988 | D:2      | Slain by an orc wizard

Illustrated notes

Levels and vault maps discovered:
D:1:      dpeg_arrival_tiny_b, layout_basic, bh_walls_and_bars
D:2:      layout_basic
D:3:      layout_basic, minmay_increasing_density

Skill      XL: |  1  2  3 |
---------------+----------+-----
Armour         | 1 |  1.7
Fighting       | 4 |  4.3
Axes           | 5 |  5.5
Dodging        | |  2.4
Stealth        | |  1.5

Action                   |  1- 3 |  4- 6 || total
-------------------------+-------+-------++-------
Melee: Hand axe          |   121 |    17 ||   138
  Use: Potion            |     2 |     4 ||     6
 Stab: Sleeping          |     3 |       ||     3
Armor: Robe              |    10 |       ||    10
       Leather armour    |     3 |       ||     3
       Ring mail         |       |     8 ||     8
Dodge: Dodged            |    58 |    18 ||    76
